 Dungeon Crawl Stone Soup version 0.28-a0-1234-g826d19b2e0 (webtiles) character file.

Game seed: 5006373132623550154

65 bearlyready the Stinger (level 3, -4/24 HPs)
             Began as a Demonspawn Venom Mage on Dec 23, 2021.
             Killed by divine providence
             ... invoked by an orc priest
              (8 damage)
             ... on level 3 of the Dungeon.
             The game lasted 00:03:47 (3215 turns).

bearlyready the Stinger (Demonspawn Venom Mage)     Turns: 3215, Time: 00:03:47

Health: -4/24      AC:  2    Str:  8    XL:     3   Next: 94%
Magic:  1/6        EV: 12    Int: 16    God:
Gold:   61         SH:  0    Dex: 15    Spells: 5/6 levels left

rFire   . . .      SeeInvis .   c - +0 dagger
rCold   . . .      Faith    .   (no shield)
rNeg    . . .      Spirit   .   a - +0 robe
rPois   .          Reflect  .   (helmet restricted)
rElec   .          Harm     .   (no cloak)
rCorr   .          Rampage  .   (no gloves)
Will    .....                   (no boots)
Stlth   ++........              (no amulet)
HPRegen 0.08/turn               (no ring)
MPRegen 0.10/turn               (no ring)

@: no status effects
A: horns 2
a: no special abilities


You were on level 3 of the Dungeon.
You visited 1 branch of the dungeon, and saw 3 of its levels.

You collected 61 gold pieces.

Inventory:

Hand Weapons
 c - a +0 dagger (weapon)
 f - a +0 hunting sling
Missiles
 e - 6 boomerangs
 g - 3 javelins
 k - 3 stones
 l - a throwing net
Armour
 a - a +0 robe (worn)
Jewellery
 n - an amulet of faith
Wands
 p - a wand of iceblast (7)
Scrolls
 d - 2 scrolls of identify {unknown}
 o - a scroll of immolation {unknown}
 r - a scroll of blinking {unknown}
 s - a scroll of enchant weapon {unknown}
Potions
 b - a potion of flight {unknown}
 h - a potion of brilliance {unknown}
 i - a potion of attraction {unknown}
 j - a potion of berserk rage {unknown}
 m - a potion of cancellation {unknown}
 q - a potion of resistance {unknown}


   Skills:
 - Level 1.7 Dodging
 - Level 1.7 Stealth
 - Level 2.0 Spellcasting
 - Level 0.8 Transmutations
 + Level 4.9 Poison Magic


You had 5 spell levels left.
You knew the following spells:

 Your Spells              Type           Power      Damage    Failure   Level
a - Sting                 Tmut/Pois      40%        1d5       6%          1

Your spell library contained the following spells:

 Spells                   Type           Power      Damage    Failure   Level
 Poisonous Vapours        Pois/Air       18%        N/A       12%         2
 Olgreb's Toxic Radiance  Pois           17%        N/A       26%         4
 Mephitic Cloud           Conj/Pois/Air  6%         N/A       32%         3


Dungeon Overview and Level Annotations

Branches:
Dungeon (3/15)

Altars:
Sif Muna

Shops:
D:3 ([


Innate Abilities, Weirdness & Mutations

You have a pair of horns on your head.


Message History

The orc shouts!
The orc priest shouts!
The orc wizard shouts!
You can't see any susceptible monsters within range! (Use Z to cast anyway.)
The sting misses the orc priest.
The sting hits the orc priest.
The orc priest is poisoned.
The orc priest is lightly wounded.
The orc priest hits you with a +0 dagger.
The sting hits the orc priest.
The orc priest looks even sicker.
The orc priest is lightly wounded.
The orc priest misses you.
The sting hits the orc priest.
The orc priest looks even sicker.
The orc priest is moderately wounded.
The orc priest hits you with a +0 dagger.
You barely miss the orc priest.
The orc priest is moderately wounded.
The orc priest hits you with a +0 dagger.
You hit the orc priest. You headbutt the orc priest.
The orc priest is heavily wounded.
The orc priest hits you with a +0 dagger.
You barely miss the orc priest. Your headbutt misses the orc priest.
The orc priest is heavily wounded.
The orc priest calls down the wrath of Beogh upon you.
Beogh smites you!
* * * LOW HITPOINT WARNING * * *
You are too injured to fight recklessly!
Aiming: Sting (safe; 6% risk of failure)
Press: ? - help, Q - select action, (/) - cycle Shift-Dir - straight line, f/p - orc priest
Aim: an orc priest, wielding a +0 dagger and wearing a +0 leather armour (heavily wounded, very poisoned, 71% to hit)
The sting hits the orc priest.
The orc priest looks even sicker.
The orc priest is severely wounded.
The orc priest completely misses you.
The orc priest begins to cast a cantrip, but forgets the words!
Aiming: Sting (safe; 6% risk of failure)
Press: ? - help, Q - select action, (/) - cycle Shift-Dir - straight line, f/p - orc priest
Aim: an orc priest, wielding a +0 dagger and wearing a +0 leather armour (severely wounded, very poisoned, 71% to hit)
The sting hits the orc priest.
The orc priest looks as sick as possible!
The orc priest is almost dead.
The orc priest calls down the wrath of Beogh upon you.
Beogh smites you!
You die...

+.........'.>..........[
#.........###....###.###
##.......## #...## #.#
##.....## #....# #.#
##...## #.##.# #.# ##'##
#.# .# #.# #.# #.# .#
#.# ##.#######.. .. ..#
###...@.owo# ###
#.....####o# ###......#
.# #.......## .#
#.........w.oo
...........###.#
#####...#### o# #.... o#
#####


You could see a worm, an orc priest (extremely poisoned), an orc wizard and an
orc.

Vanquished Creatures
  An adder (D:3)
  A dart slug (D:2)
  An orc (D:2)
  6 ball pythons
  5 bats
  8 endoplasms
  2 giant cockroaches
  6 hobgoblins
  8 frilled lizards
  3 goblins
  3 kobolds (D:1)
  5 rats
49 creatures vanquished.

Vanquished Creatures (others)
  5 plants
5 creatures vanquished.

Grand Total: 54 creatures vanquished

Notes
Turn   | Place    | Note
-------+----------+-------------------------------------------
     0 | D:1      | bearlyready the Demonspawn Venom Mage began the quest for
                  | the Orb.
     0 | D:1      | Reached XP level 1. HP: 13/13 MP: 3/3
   340 | D:1      | Gained mutation: You have a pair of small horns on your
                  | head. [demonic ancestry]
   340 | D:1      | Reached XP level 2. HP: 9/19 MP: 1/5
   961 | D:1      | Reached skill level 4 in Poison Magic
  1222 | D:1      | Found a faded altar of an unknown god.
  1857 | D:2      | Gained mutation: You have a pair of horns on your head.
                  | [demonic ancestry]
  1857 | D:2      | Reached XP level 3. HP: 23/24 MP: 2/6
  2651 | D:3      | Found Qysih's Antique Weapon Boutique.
  2836 | D:3      | Found Saics's Armour Shoppe.
  2900 | D:3      | Found a shimmering blue altar of Sif Muna.
  3215 | D:3      | Killed from afar by an orc priest

Illustrated notes

Levels and vault maps discovered:
D:1:      dpeg_arrival_simpleton_c, layout_loops_ring, serial_forest,
          infiniplex_forest_fountain, infiniplex_forest_fountain,
          infiniplex_forest_end_2, infiniplex_forest_zigzag_2,
          infiniplex_forest_straight_4, infiniplex_forest_lined_room_3,
          infiniplex_forest_clump_double,
          dreamdust_ecumenical_altar_angels_and_demons
D:2:      layout_basic, minmay_lizard_king
D:3:      layout_loops_corners, lemuel_round_altar, serial_shops, shop,
          nicolae_shop_stone, nicolae_shop_unique_rings

Skill      XL: |  1  2 |
---------------+-------+-----
Poison Magic   | 4 |  4.9
Dodging        | |  1.7
Stealth        | |  1.7
Spellcasting   | |  2.0
Transmutations | |  0.8

Action                   || total
-------------------------++-------
Melee: Unarmed           ||    12
       Dagger            ||    97
       Headbutt          ||    15
 Cast: Sting             ||    57
 Stab: Sleeping          ||     2
Armor: Robe              ||    25
Dodge: Dodged            ||    89

Table legend: (Time is in decaauts)
 A = Elapsed time spent in this place.
 B = Non-inter-level travel time spent in this place.
 C = Inter-level travel time spent in this place.
 D = Time resting spent in this place.
 E = Time spent auto-exploring this place.
 F = Levels seen in this place.
 G = Mean time per level.
                   A        B        C        D        E       F      G
               +--------+--------+--------+--------+--------+-----+--------+
         Total |   3215 |   3103 |    112 |     21 |   2610 |   3 | 1071.7 |
       Dungeon |   3215 |   3103 |    112 |     21 |   2610 |   3 | 1071.7 |
               +--------+--------+--------+--------+--------+-----+--------+

Top non-repeatable levels by time:
     D:1: 1793 daAuts
     D:2: 813 daAuts
     D:3: 608 daAuts
